 Dungeon Crawl Stone Soup version 0.30.1-4-g462c640d31 (webtiles) character file.

Game seed: 11198207876149173524

105 arthad the Magician (level 4, 0/34 HPs)
             Began as a Gnoll Wanderer on Aug 31, 2023.
             Slain by an orc priest
             ... wielding a +0 hand axe
              (1 damage)
             ... on level 3 of the Dungeon.
             The game lasted 00:03:26 (2954 turns).

arthad the Magician (Gnoll Wanderer)                Turns: 2954, Time: 00:03:27

Health: 0/34       AC:  3    Str:  7    XL:     4   Next: 83%
Magic:  11/11      EV: 12    Int:  9    God:
Gold:   169        SH:  5    Dex: 20    Spells: 12/13 levels left

rFire   + . .        a - +0 falchion
rCold   . . .        b - +0 buckler
rNeg    . . .        n - +0 robe {Will+}
rPois   +            w - +0 helmet
rElec   .            (no cloak)
rCorr   .            (no gloves)
SInv    .            (no boots)
Will    +....        (no amulet)
Stlth   +++          g - ring of protection from fire
HPRegen 0.25/turn    A - ring of poison resistance
MPRegen 0.12/turn

%: no passive effects
@: no status effects
A: fangs 1, strong nose, distributed training
a: no special abilities


You were on level 3 of the Dungeon.
You visited 1 branch of the dungeon, and saw 3 of its levels.

You collected 169 gold pieces.

Inventory:

Hand Weapons
 a - a +0 falchion (weapon)
Missiles
 r - 5 javelins
 y - 2 poisoned darts
Armour
 b - a +0 buckler (worn)
 d - a +0 robe
 n - a +0 robe of willpower (worn)
 w - a +0 helmet (worn)
Jewellery
 g - a ring of protection from fire (left hand)
 m - a ring of fire
 A - a ring of poison resistance (right hand)
Wands
 z - a wand of paralysis (4)
Scrolls
 c - a scroll of fear
 f - a scroll of fog {unknown}
 h - a scroll of noise {unknown}
 l - a scroll of blinking {unknown}
 o - a scroll of immolation {unknown}
 q - a scroll of identify {unknown}
 s - a scroll of brand weapon {unknown}
 t - 2 scrolls of teleportation {unknown}
Potions
 e - a potion of attraction {unknown}
 i - a potion of heal wounds {unknown}
 j - a potion of degeneration {unknown}
 k - a potion of flight {unknown}
 p - 2 potions of berserk rage {unknown}
 u - a potion of might
 v - a potion of mutation {unknown}
 x - a potion of invisibility {unknown}


   Skills:
 + Level 2.8 Fighting
 + Level 1.3 Short Blades
 + Level 2.8 Long Blades
 + Level 1.3 Axes
 + Level 1.3 Maces & Flails
 + Level 1.3 Polearms
 + Level 1.3 Staves
 + Level 1.3 Ranged Weapons
 + Level 1.3 Throwing
 + Level 2.8 Armour
 + Level 2.8 Dodging
 + Level 4.3 Stealth
 + Level 2.8 Shields
 + Level 1.3 Unarmed Combat
 + Level 5.1 Spellcasting
 + Level 1.0 Conjurations
 + Level 1.0 Hexes
 + Level 1.0 Summonings
 + Level 1.0 Necromancy
 + Level 1.0 Translocations
 + Level 1.0 Transmutations
 + Level 1.0 Fire Magic
 + Level 1.0 Ice Magic
 + Level 1.0 Air Magic
 + Level 1.0 Earth Magic
 + Level 1.0 Poison Magic
 + Level 1.4 Invocations
 + Level 1.3 Evocations


You had 12 spell levels left.
You knew the following spells:

 Your Spells              Type           Power      Damage    Failure   Level
a - Necrotise             Necr           16%        1d4       26%         1

Your spell library contained the following spells:

 Spells                   Type           Power      Damage    Failure   Level
 Ozocubu's Armour         Ice            4%         N/A       58%         3
 Portal Projectile        Hex/Tloc       8%         N/A       58%         3
 Summon Guardian Golem    Hex/Summ       4%         N/A       58%         3


Dungeon Overview and Level Annotations

Branches:
Dungeon (3/15)

Altars:
Vehumet
The Shining One


Innate Abilities, Weirdness & Mutations

You have very sharp teeth.
Your uncanny sense of smell can sniff out nearby items.
Your experience applies equally to all skills.


Message History

You barely miss the orc.
The orc is almost dead.
The orc barely misses you. You block the orc's attack.
The orc hits you but does no damage.
You hit the orc.
You kill the orc!
You block the orc's attack.
You slash the orc priest!
The orc priest is heavily wounded.
The orc misses you.
The orc priest looks satisfied for a moment.
You hit the orc priest but do no damage.
The orc priest is heavily wounded.
The orc hits you with a +0 club.
The orc priest hits you with a +0 hand axe.
You hit the orc priest.
The orc priest is almost dead.
The orc closely misses you.
The orc priest hits you with a +0 hand axe.
You are too injured to fight recklessly!
You are too injured to fight recklessly!
You are too injured to fight recklessly!
You are too injured to fight recklessly!
You are too injured to fight recklessly!
You are too injured to fight recklessly!
You are too injured to fight recklessly!
You are too injured to fight recklessly!
You are too injured to fight recklessly!
You are too injured to fight recklessly!
You are too injured to fight recklessly!
You are too injured to fight recklessly!
You are too injured to fight recklessly!
You closely miss the orc priest.
The orc priest is almost dead.
The orc hits you with a +0 club.
The orc priest calls down the wrath of Beogh upon you.
Beogh smites you!
* * * LOW HITPOINT WARNING * * *
The orc priest hits you with a +0 hand axe.
You die...

##......##.......##
##..
####<....###.....##
#.. #........#
##...## #..
#.##.....# ##'# #..
#.##...<.# #. ##.
#.######## # # #.#
####.##
#.########.......
#........@o......
##########o##....
.# . .# .# .# .. ##


You could see an orc priest and an orc.

Vanquished Creatures
  4 adders
  2 worms (D:2)
  A dart slug (D:1)
  3 orcs (D:3)
  5 ball pythons
  5 endoplasms
  3 giant cockroaches (D:2)
  6 goblins
  9 hobgoblins
  5 kobolds
  3 quokkas
  4 bats (D:1)
  4 rats
54 creatures vanquished.

Notes
Turn   | Place    | Note
-------+----------+-------------------------------------------
     0 | D:1      | arthad the Gnoll Wanderer began the quest for the Orb.
     0 | D:1      | arthad set off with the following items: a +0 falchion, a
                  | +0 buckler, a scroll of fear, a +0 robe; and the following
                  | spell memorised: Necrotise; and the following spells
                  | available to memorise: Ozocubu's Armour, Portal Projectile,
                  | Summon Guardian Golem.
     0 | D:1      | Reached XP level 1. HP: 17/17 MP: 6/6
   228 | D:1      | Reached XP level 2. HP: 22/23 MP: 7/7
   633 | D:1      | Reached skill level 5 in Spellcasting
   633 | D:1      | Reached XP level 3. HP: 28/28 MP: 4/9
  1128 | D:2      | Reached skill level 1 in Invocations
  1383 | D:2      | Reached skill level 1 in Short Blades
  1383 | D:2      | Reached skill level 1 in Axes
  1383 | D:2      | Reached skill level 1 in Maces & Flails
  1383 | D:2      | Reached skill level 1 in Polearms
  1383 | D:2      | Reached skill level 1 in Staves
  1383 | D:2      | Reached skill level 1 in Ranged Weapons
  1383 | D:2      | Reached skill level 1 in Throwing
  1383 | D:2      | Reached skill level 1 in Unarmed Combat
  1383 | D:2      | Reached skill level 1 in Evocations
  1648 | D:2      | Found a radiant altar of Vehumet.
  1670 | D:2      | Noticed a floating eye
  1678 | D:2      | Noticed a floating eye
  1680 | D:2      | Found a faded altar of an unknown god.
  1683 | D:2      | Noticed a floating eye
  1683 | D:2      | Noticed a shining eye
  1711 | D:2      | Reached XP level 4. HP: 34/34 MP: 11/11
  2326 | D:3      | Found a glowing golden altar of the Shining One.
  2657 | D:3      | Reached skill level 1 in Conjurations
  2657 | D:3      | Reached skill level 1 in Hexes
  2657 | D:3      | Reached skill level 1 in Summonings
  2657 | D:3      | Reached skill level 1 in Necromancy
  2657 | D:3      | Reached skill level 1 in Translocations
  2657 | D:3      | Reached skill level 1 in Transmutations
  2657 | D:3      | Reached skill level 1 in Fire Magic
  2657 | D:3      | Reached skill level 1 in Ice Magic
  2657 | D:3      | Reached skill level 1 in Air Magic
  2657 | D:3      | Reached skill level 1 in Earth Magic
  2657 | D:3      | Reached skill level 1 in Poison Magic
  2954 | D:3      | HP: 1/34 [orc priest/divine providence (13)]
  2954 | D:3      | Slain by an orc priest

Illustrated notes

Levels and vault maps discovered:
D:1:      dpeg_arrival_simpleton_a, layout_basic, minmay_pentomino_z2
D:2:      layout_loops_ring, hellmonk_ecumenical_altar_watching_god,
          basic_altar, hangedman_decor_points
D:3:      layout_loops_corners, makhleb_altar_promises_db,
          mainiacjoe_overflow_catwalk, corexii_corridor_pit

Skill      XL: |  1  2  3  4 |
---------------+-------------+-----
Spellcasting   | 5 |  5.1
Invocations    | 1 |  1.4
Short Blades   | 1 |  1.3
Axes           | 1 |  1.3
Maces & Flails | 1 |  1.3
Polearms       | 1 |  1.3
Staves         | 1 |  1.3
Ranged Weapons | 1 |  1.3
Throwing       | 1 |  1.3
Unarmed Combat | 1 |  1.3
Evocations     | 1 |  1.3
Conjurations   | 1 |  1.0
Hexes          | 1 |  1.0
Summonings     | 1 |  1.0
Necromancy     | 1 |  1.0
Translocations | 1 |  1.0
Transmutations | 1 |  1.0
Fire Magic     | 1 |  1.0
Ice Magic      | 1 |  1.0
Air Magic      | 1 |  1.0
Earth Magic    | 1 |  1.0
Poison Magic   | 1 |  1.0
Fighting       | |  2.8
Long Blades    | |  2.8
Armour         | |  2.8
Dodging        | |  2.8
Stealth        | |  4.3
Shields        | |  2.8

Action                     |  1- 3 |  4- 6 || total
---------------------------+-------+-------++-------
  Melee: Falchion          |   111 |    49 ||   160
         Bite              |    10 |     2 ||    12
   Cast: Necrotise         |     2 |    19 ||    21
    Use: Potion            |     2 |       ||     2
   Stab: Sleeping          |    10 |     1 ||    11
 Armour: Robe              |    17 |     8 ||    25
  Dodge: Dodged            |    64 |    22 ||    86
  Block: Buckler           |    29 |    13 ||    42
